 Dungeon Crawl Stone Soup version 0.26.1-11-gd32895ea62 (webtiles) character file.

Game seed: 8342989443616596133

154 Tirrikindir the Shield-Bearer (level 5, -5/54 HPs)
             Began as an Octopode Fighter on June 16, 2021.
             Slain by a gnoll
             ... wielding a +0 spear
              (8 damage)
             ... on level 3 of the Dungeon.
             The game lasted 00:05:25 (2453 turns).

Tirrikindir the Shield-Bearer (Octopode Fighter)    Turns: 2453, Time: 00:05:26

Health: -5/54      AC:  1    Str: 15    XL:     5   Next: 35%
Magic:  5/5        EV: 12    Int: 11    God:
Gold:   155        SH: 12    Dex: 12    Spells: 4/4 levels left

rFire    . . .     SeeInvis .   a - +1 long sword
rCold    . . .     Faith    .   b - +3 kite shield
rNeg     + . .     Spirit   .   (helmet restricted)
rPois    +         Reflect  .   (no amulet)
rElec    .         Harm     .   j - ring of poison resistance
rCorr    .         Rampage  .   o - ring of willpower
Will     +....                  s - ring of positive energy
Stlth    ..........             (no ring)
HPRegen  0.18/turn              (no ring)
MPRegen  0.09/turn              (no ring)
                                (no ring)
                                (no ring)

@: berserking, very quick
A: almost no armour, stealthy swim, amphibious, 8 rings, constrict 8, camouflage
1, gelatinous body 1
a: no special abilities


You were on level 3 of the Dungeon.
You visited 1 branch of the dungeon, and saw 3 of its levels.

You collected 155 gold pieces.

Inventory:

Hand Weapons
 a - a +1 long sword (weapon)
 p - a +0 short sword
Missiles
 e - 9 boomerangs (quivered)
Armour
 b - a +3 kite shield (worn)
Jewellery
 j - a ring of poison resistance (left tentacle)
 o - a ring of willpower (right tentacle)
 s - a ring of positive energy (on tentacle)
Scrolls
 h - 3 scrolls of teleportation
 i - 2 scrolls of amnesia
 k - a scroll of noise {unknown}
 n - 2 scrolls of immolation
 q - a scroll of fog {unknown}
Potions
 c - a potion of might
 d - a potion of berserk rage
 f - a potion of resistance
 g - a potion of ambrosia
 l - 3 potions of lignification
 m - 2 potions of curing {unknown}
 r - 2 potions of flight {unknown}


   Skills:
 + Level 3.6 Fighting
 * Level 3.4 Long Blades
 + Level 3.5 Dodging
 + Level 2.7 Stealth
 + Level 3.6 Shields


You had 4 spell levels left.
You didn't know any spells.
Your spell library was empty.

Dungeon Overview and Level Annotations

Branches:
Dungeon (3/15)

Altars:
Hepliaklqana
Vehumet


Innate Abilities, Weirdness & Mutations

You cannot wear most types of armour.
You are very stealthy in the water. (Stealth+)
You are amphibious.
You can wear up to eight rings at the same time.
You can use your tentacles to constrict eight enemies at once.
Your skin changes colour to match your surroundings (Stealth+).
Your rubbery body absorbs attacks. (AC +1, EV +1)


Message History

You block the gnoll's attack.
You hit the gnoll. Your grab misses the gnoll. Your squeeze misses the gnoll.
The gnoll is heavily wounded.
The gnoll hits you from afar with a +0 spear!
* * * LOW HITPOINT WARNING * * *
The gnoll hits you with a +0 halberd.
* * * LOW HITPOINT WARNING * * *
A red film seems to cover your vision as you go berserk!
You feel yourself moving faster!
You feel mighty! The gnoll closely misses you. You block the gnoll's attack.
You slash the gnoll!
You kill the gnoll!
The gnoll hits you but does no damage. You block the gnoll's attack.
Things that are here:
a +0 halberd; 13 gold pieces You hit the gnoll.
You grab the gnoll.
The gnoll is lightly wounded.
You constrict the gnoll. The gnoll hits you with a +0 spear!
You die...

P.P...#
.♣♣♣...#
.♣ P..(
### P♣ .##
..# ..P
#.# ....
#.# ..P.
#!# #g#
#@# #.#
#)#
........
#(#
P.......#
#.# .♣
♣....# #.#
.♣ ♣....#
#.#
P♣♣♣....#
#.#
......#.##
#(#


You could see a gnoll.

Vanquished Creatures
  3 gnolls (D:3)
  4 adders (D:2)
  An ooze (D:2)
  A worm (D:2)
  A dart slug (D:3)
  2 leopard geckos (D:1)
  5 giant cockroaches
  6 goblins
  9 hobgoblins
  6 jackals
  2 quokkas (D:3)
  13 bats
  8 frilled lizards
  3 kobolds
  15 rats
79 creatures vanquished.

Vanquished Creatures (others)
  47 plants (D:3)
47 creatures vanquished.

Grand Total: 126 creatures vanquished

Notes
Turn   | Place    | Note
-------+----------+-------------------------------------------
     0 | D:1      | Tirrikindir the Octopode Fighter began the quest for the
                  | Orb.
     0 | D:1      | Reached XP level 1. HP: 16/16 MP: 1/1
   216 | D:1      | Reached XP level 2. HP: 21/21 MP: 2/2
   499 | D:1      | Reached skill level 1 in Stealth
   547 | D:1      | Reached XP level 3. HP: 26/26 MP: 3/3
   806 | D:2      | Found a hazy altar of Hepliaklqana.
   968 | D:2      | Reached XP level 4. HP: 24/31 MP: 4/4
  1725 | D:2      | Found a radiant altar of Vehumet.
  2175 | D:3      | Reached XP level 5. HP: 24/36 MP: 5/5
  2449 | D:3      | HP: 1/36 [gnoll/+0 halberd (4)]
  2453 | D:3      | Slain by a gnoll

Illustrated notes

Levels and vault maps discovered:
D:1:      minmay_arrival_glassed_features, layout_rooms
D:2:      minmay_thinvault, layout_rooms, nzn_hepliaklqana_mist_gate,
          nicolae_overflow_hidden_temple
D:3:      layout_loops_ring, kennysheep_boxes, uniq_crazy_yiuf_cottage

Skill      XL: |  1  2  3  4 |
---------------+-------------+-----
Stealth        | 1 2 |  2.7
Long Blades    | 3 |  3.4
Fighting       | |  3.6
Dodging        | |  3.5
Shields        | |  3.6

Action                   |  1- 3 |  4- 6 || total
-------------------------+-------+-------++-------
Melee: Long sword        |    57 |    80 ||   137
       Constrict         |    19 |    24 ||    43
       Tentacles         |    10 |    11 ||    21
Throw: Boomerang         |       |     3 ||     3
  Use: Scroll            |     4 |     8 ||    12
       Potion            |       |     1 ||     1
 Stab: Sleeping          |     6 |     6 ||    12
Armor: Skin              |     3 |     7 ||    10
Dodge: Dodged            |    22 |    44 ||    66
Block: Kite shield       |    26 |    35 ||    61
       Rpst.: Long sword |    12 |    11 ||    23
